 Seeded DCSS version 0.29.1-1-gd02db6906a (webtiles) character file.

Game seed: 11355732149685707320 (custom seed)

66 gzilladon the Chopper (level 4, 0/41 HPs)
             Began as a Hill Orc Monk on Sept 28, 2022.
             Was a Believer of Beogh.
             Slain by a river rat (8 damage)
             ... on level 3 of the Dungeon on Oct 14, 2022.
             The game lasted 00:06:18 (2458 turns).

gzilladon the Chopper (Hill Orc Monk)               Turns: 2458, Time: 00:06:19

Health: 0/41       AC:  6    Str: 15    XL:     4   Next: 15%
Magic:  4/4        EV:  5    Int: 10    God:    Beogh [**....]
Gold:   72         SH: 10    Dex: 13    Spells: 3/3 levels left

rFire   . . .      SeeInvis .   a - +0 hand axe
rCold   . . .      Faith    .   h - +0 tower shield
rNeg    . . .      Spirit   .   d - +0 scale mail
rPois   .          Reflect  .   (no helmet)
rElec   .          Harm     .   (no cloak)
rCorr   .          Rampage  .   (no gloves)
Will    .....                   (no boots)
Stlth   ..........              (no amulet)
HPRegen 0.13/turn               (no ring)
MPRegen 0.09/turn               (no ring)

@: very slow
A: no striking features
a: Renounce Religion, Smiting


You were on level 3 of the Dungeon.
You worshipped Beogh.
Beogh was pleased with you.
You visited 1 branch of the dungeon, and saw 3 of its levels.

You collected 72 gold pieces.

Inventory:

Hand Weapons
 a - a +0 hand axe (weapon)
Missiles
 g - 7 stones (quivered)
Armour
 b - a +0 robe
 d - a +0 scale mail (worn)
 h - a +0 tower shield (worn)
Scrolls
 c - a scroll of teleportation {unknown}
 e - 5 scrolls of identify {unknown}
 f - a scroll of magic mapping {unknown}
 i - a scroll of blinking {unknown}
Potions
 j - a potion of lignification {unknown}
 k - a potion of degeneration {unknown}


   Skills:
 * Level 4.6 Fighting
 * Level 5.1 Axes
 + Level 1.4 Armour
 - Level 2.4 Dodging
 - Level 1.5 Stealth
 + Level 0.6 Shields


You had 3 spell levels left.
You didn't know any spells.
Your spell library contained the following spells:

 Spells                   Type           Power      Damage    Failure   Level
 Anguish                  Hex/Necr       0%         N/A       100%        4
 Enfeeble                 Hex            0%         N/A       100%        7


Dungeon Overview and Level Annotations

Branches:
Dungeon (3/15)

Altars:
The Shining One

Shops:
D:1 *


Message History

Your unstable footing causes you to fumble your attack.
You block the river rat's attack.
You hit the river rat.
The river rat is lightly wounded.
The river rat bites you but does no damage.
You block the river rat's attack.
Your unstable footing causes you to fumble your attack.
The river rat barely misses you.
Your unstable footing causes you to fumble your attack.
You block the river rat's attack. The worm bites you but does no damage.
The river rat closely misses you.
Your unstable footing causes you to fumble your attack.
The river rat bites you.
The worm splashes around in the water.
Your unstable footing causes you to fumble your attack.
The river rat bites you! The worm bites you but does no damage.
The river rat bites you but does no damage.
You closely miss the river rat.
The river rat is lightly wounded.
You hit the worm. The river rat bites you.
The worm splashes around in the water.
Your unstable footing causes you to fumble your attack.
You block the river rat's attack.
The river rat bites you but does no damage.
You block the worm's attack.
You closely miss the river rat.
The river rat is lightly wounded.
You hit the worm. You block the river rat's attack. The worm bites you.
The river rat bites you.
Your unstable footing causes you to fumble your attack.
You block the river rat's attack. The worm bites you.
You hit the river rat.
The river rat is moderately wounded.
You barely miss the worm. The river rat bites you.
* * * LOW HITPOINT WARNING * * *
You block the worm's attack. The river rat bites you.
* * * LOW HITPOINT WARNING * * *
You hit the river rat but do no damage.
The river rat is moderately wounded.
You hit the worm. The river rat bites you!
You die...

...#...# ...#...#
.......# .......#####
...........#
.......#####~########
## #...####
~~~~~~~~... #...#
#####w#~#~~..# #...#
#..~~~@~.~...# #...#
#....~r.....## #...#
#..........##
#...#######.......####
#.........#.####.##
......).....# #.#
............# ...
...........># #..#
#...#####...##. ..#


You could see a worm and a river rat.

Vanquished Creatures
  3 adders (D:2)
  A worm (D:2)
  An orc (D:3)
  2 endoplasms
  4 giant cockroaches
  4 hobgoblins
  4 kobolds
  A ball python (D:3)
  3 bats
  2 frilled lizards
  6 goblins
  A rat (D:1)
32 creatures vanquished.

Vanquished Creatures (others)
  An orc priest (D:3)
1 creature vanquished.

Grand Total: 33 creatures vanquished

Notes
Turn   | Place    | Note
-------+----------+-------------------------------------------
     0 | D:1      | gzilladon the Hill Orc Monk began the quest for the Orb.
     0 | D:1      | Reached XP level 1. HP: 19/19 MP: 1/1
   319 | D:1      | Found a faded altar of an unknown god.
   631 | D:1      | Found Lenkeg's General Store.
   639 | D:1      | Reached XP level 2. HP: 27/27 MP: 2/2
  1337 | D:2      | Reached skill level 1 in Armour
  1397 | D:2      | Reached XP level 3. HP: 33/33 MP: 3/3
  1769 | D:2      | Reached skill level 5 in Axes
  1855 | D:2      | Reached XP level 4. HP: 38/41 MP: 4/4
  2170 | D:3      | Became a worshipper of Beogh the Brigand
  2170 | D:3      | Reached * piety under Beogh
  2170 | D:3      | Reached ** piety under Beogh
  2401 | D:3      | Found a glowing golden altar of the Shining One.
  2458 | D:3      | Slain by a river rat

Illustrated notes

Levels and vault maps discovered:
D:1:      onia_arrival_pyramid, layout_basic, serial_shops, shop,
          hellmonk_ecumenical_altar_zigzags, minmay_misc_feat_cross
D:2:      layout_basic, fountainhead
D:3:      layout_loops_cross, mainiacjoe_overflow_boulevard,
          nemelex_diamond_rough_becter, mainiacjoe_overflow_tiny_flanked,
          trog_book, lightli_sewer_entry_pipes

Skill      XL: |  1  2  3 |
---------------+----------+-----
Fighting       | 4 |  4.6
Armour         | 1 |  1.4
Axes           | 5 |  5.1
Dodging        | |  2.4
Stealth        | |  1.5
Shields        | |  0.6

Action                   |  1- 3 |  4- 6 || total
-------------------------+-------+-------++-------
Melee: Hand axe          |   128 |    36 ||   164
       Punch             |     1 |       ||     1
Invok: Convert to Beogh  |       |     1 ||     1
  Use: Potion            |     1 |       ||     1
Armor: Scale mail        |    89 |    19 ||   108
Dodge: Dodged            |    48 |     5 ||    53
Block: Tower shield      |    43 |    31 ||    74
